 Dungeon Crawl Stone Soup version 0.23.2-30-g0e89c35649 (webtiles) character file.

Game seed: 1809973525431103839

15320 foxtrot the Grappler (level 12, -5/122 HPs)
             Began as a Troll Wizard on June 11, 2019.
             Was a High Priest of Cheibriados.
             Slain by a two-headed ogre
             ... wielding a +0 giant club
              (10 damage)
             ... on level 11 of the Dungeon.
             The game lasted 00:27:27 (10060 turns).

foxtrot the Grappler (Troll Wizard)                Turns: 10060, Time: 00:27:29

Health: -5/122     AC: 11    Str: 32    XL:     12   Next: 0%
Magic:  0/18       EV: 10    Int: 32    God:    Cheibriados [*****.]
Gold:   571        SH:  0    Dex: 21    Spells: 9/20 levels left

rFire    . . .     SeeInvis .     - Unarmed
rCold    + + .     Gourm    +   (no shield)
rNeg     . . .     Faith    .   K - +0 troll leather armour
rPois    .         Spirit   +   M - +1 hat {MR+}
rElec    .         Reflect  .   C - scarf {cloud immunity}
rCorr    .         Harm     .   (gloves unavailable)
MR       +....                  (boots unavailable)
Stlth    ++........             u - amulet of guardian spirit
HPRegen  1.10/turn              q - ring of protection from cold
MPRegen  0.16/turn              A - ring of protection from cold

@: very slow
A: large, unfitting armour, claws 3, slimy green scales 1, clever 1, fast
metabolism 3, gourmand, regeneration 1, robust 1, shaggy fur 1, tough skin 3
a: Bend Time, Temporal Distortion, Slouch, Step From Time, Renounce Religion


You were on level 11 of the Dungeon.
You worshipped Cheibriados.
Cheibriados was extremely pleased with you.
You were completely stuffed.

You visited 2 branches of the dungeon, and saw 12 of its levels.
You also visited: Ossuary.

You collected 571 gold pieces.

Inventory:

Hand Weapons
 E - a +0 trident
Missiles
 r - 4 throwing nets (quivered)
Armour
 a - a +0 robe
 b - a +0 hat
 C - a scarf of cloud immunity (worn)
 K - a +0 troll leather armour (worn)
 M - a +1 hat of magic resistance (worn)
Jewellery
 n - an uncursed ring of poison resistance {unknown}
 q - a ring of protection from cold (left claw)
 u - an amulet of guardian spirit (around neck)
 A - a ring of protection from cold (right claw)
 H - an uncursed ring of resist corrosion {unknown}
 J - an uncursed ring of flight {unknown}
 L - an uncursed amulet of harm {unknown}
Wands
 s - a wand of disintegration (13)
 w - a wand of flame (13)
 B - a wand of paralysis (8)
Scrolls
 f - 8 scrolls of remove curse
 g - 2 scrolls of enchant weapon
 i - a scroll of blinking
 j - 6 scrolls of teleportation
 k - a scroll of amnesia
 o - a scroll of fear
 F - 2 scrolls of random uselessness {unknown}
 G - 3 scrolls of identify
 I - a scroll of immolation
Potions
 c - 4 potions of agility
 e - 2 potions of magic
 h - a potion of resistance
 l - a potion of ambrosia
 m - a potion of mutation
 p - a potion of brilliance
 t - a potion of lignification {unknown}
 v - a potion of haste {unknown}
 z - a potion of curing
 D - a potion of invisibility {unknown}
Comestibles
 d - 26 rations
 x - 3 chunks of flesh


   Skills:
 * Level 5.5 Fighting
 * Level 2.0 Armour
 - Level 1.5 Dodging
 - Level 1.0 Stealth
 + Level 12.8 Unarmed Combat
 * Level 4.7 Spellcasting
 - Level 3.2 Conjurations
 * Level 1.9 Charms
 - Level 2.0 Summonings
 * Level 1.9 Necromancy
 - Level 3.0 Translocations
 - Level 2.2 Fire Magic
 * Level 5.6 Invocations
 + Level 0.7 Evocations


You had 9 spell levels left.
You knew the following spells:

 Your Spells              Type           Power        Failure   Level  Hunger
a - Magic Dart            Conj           ####         1%          1    None
b - Blink                 Tloc           N/A          2%          2    None
c - Call Imp              Summ           ###.....     3%          2    None
d - Conjure Flame         Conj/Fire      ####....     5%          3    None
e - Regeneration          Chrm/Necr      ###.......   8%          3    None

Your spell library contained the following spells:

 Spells                   Type           Power        Failure   Level  Hunger
 Animate Skeleton         Necr           N/A          2%          1    None
 Pain                     Necr           ###.         2%          1    None
 Vampiric Draining        Necr           ###.......   8%          3    None
 Slow                     Hex            #.......     9%          2    None
 Mephitic Cloud           Conj/Pois/Air  ##......     11%         3    None
 Animate Dead             Necr           N/A          26%         4    ###....


Dungeon Overview and Level Annotations

Branches:
Dungeon (11/15)            Temple (1/1) D:4            Lair (0/6) D:9
    Orc: D:9-12

Altars:
Ashenzari
Cheibriados
Dithmenos
Elyvilon
Fedhas
Gozag
Hepliaklqana
Kikubaaqudgha
Makhleb
Nemelex Xobeh
Okawaru
Qazlal
Ru
Sif Muna
Trog
Uskayaw
Vehumet
Wu Jian
Xom
Yredelemnul
Zin
The Shining One

Shops:
D:5 }

Annotations:
D:1 exclusion: downstairs
D:3 2 transporters, DKeggars's ghost, amateur GrFi


Innate Abilities, Weirdness & Mutations

You are too large for most types of armour.
You have claws for hands.
Your metabolism is lightning-fast.
You like to eat raw meat.
Your natural rate of healing is unusually fast.
You are covered in fur. (AC +1)
You have extremely tough skin. (AC +3)
You are partially covered in slimy green scales. (AC +2)
Your mind is acute. (Int +2)
You are robust. (+10% HP)


Message History

The centaur warrior hits you but does no damage.
The two-headed ogre barely misses you. x2
Okay, then.
You claw the centaur warrior!
The centaur warrior is almost dead.
The centaur warrior hits you.
* * * LOW HITPOINT WARNING * * *
You mangle the centaur warrior!!
You kill the centaur warrior!
Cheibriados thoroughly appreciates the change of pace.
Your Armour skill increases to level 2!
You have reached level 12!
Your experience leads to an increase in your attributes!
Your base attributes are Str 17, Int 17, Dex 8.
Increase (S)trength, (I)ntelligence, or (D)exterity?
You feel stronger. x2
The two-headed ogre hits you with a +0 giant club.
* * * LOW HITPOINT WARNING * * *
The two-headed ogre hits you with a +0 dire flail!
You die...

### #.. #####..
########......))########
......(.......))@O......
..............))........
.....................###
..............#####..#
.............. ..#
.............. .#
.......######. #
.......# .......#


You could see a two-headed ogre.

Vanquished Creatures
  Gastronok (D:10)
  Josephine (D:10)
  A centaur warrior (D:11)
  2 deep elf magi
  An elephant (D:9)
  A centaur skeleton (D:9)
  4 trolls
  A hornet (D:11)
  3 hippogriffs
  Sigmund (D:5)
  A wyvern (D:8)
  4 wraiths (D:10)
  4 hogs (D:8)
  2 basilisks (D:9)
  A human (D:8)
  A hungry ghost (D:7)
  Menkaure (D:4)
  A water moccasin (D:7)
  Duvessa (D:6)
  7 orc warriors
  2 ice beasts
  5 sky beasts
  A black bear (D:8)
  An eye of draining (D:10)
  A phantom (D:5)
  7 ogres
  2 necrophages
  11 centaurs
  2 big kobolds (D:9)
  7 bullfrogs
  Dowan (D:6)
  A wyvern zombie (D:9)
  4 scorpions
  4 killer bees (D:9)
  7 wights
  6 howler monkeys
  3 jellies
  3 crimson imps
  A centaur zombie (D:8)
  A bullfrog zombie (D:9)
  3 quasits
  13 orc priests
  8 hounds
  A bullfrog skeleton (D:11)
  2 iguanas
  7 worker ants
  14 orc wizards
  A big kobold zombie (Ossuary)
  2 hound zombies (D:6)
  2 hound skeletons
  2 mummies (Ossuary)
  A howler monkey zombie (D:5)
  Robin (D:3)
  A howler monkey skeleton (D:8)
  11 adders
  12 gnolls
  2 shadow imps
  9 oozes
  4 adder zombies
  2 adder skeletons
  3 worms
  2 dart slugs
  6 leopard geckos
  49 orcs
  3 ball pythons
  7 bats
  8 giant cockroaches
  16 goblins
  8 hobgoblins
  10 jackals
  A quokka (D:4)
  3 frilled lizards
  A giant cockroach zombie (D:5)
  A gnoll zombie (Ossuary)
  A hobgoblin zombie (Ossuary)
  27 kobolds
  4 kobold zombies (Ossuary)
  A leopard gecko skeleton (D:5)
  5 quokka zombies
  5 rats
  5 rat zombies
373 creatures vanquished.

Vanquished Creatures (collateral kills)
  A mummy (Ossuary)
1 creature vanquished.

Vanquished Creatures (others)
  8 toadstools (D:4)
8 creatures vanquished.

Grand Total: 382 creatures vanquished

Notes
Turn   | Place    | Note
-------+----------+-------------------------------------------
     0 | D:1      | foxtrot the Troll Wizard began the quest for the Orb.
     0 | D:1      | Reached XP level 1. HP: 16/16 MP: 2/2
   538 | D:1      | Reached XP level 2. HP: 13/24 MP: 4/4
   889 | D:2      | Learned a level 2 spell: Blink
   892 | D:2      | Learned a level 2 spell: Call Imp
   940 | D:2      | Reached skill level 1 in Unarmed Combat
  1021 | D:2      | Reached XP level 3. HP: 31/31 MP: 5/5
  1180 | D:2      | Reached skill level 1 in Translocations
  1182 | D:2      | Reached skill level 1 in Conjurations
  1322 | D:2      | Found an opulent altar of Gozag.
  1344 | D:2      | Reached XP level 4. HP: 29/39 MP: 6/6
  1422 | D:2      | Reached skill level 2 in Unarmed Combat
  1922 | D:2      | Found a deep blue altar of Sif Muna.
  2051 | D:3      | Reached skill level 1 in Summonings
  2051 | D:3      | Reached XP level 5. HP: 39/45 MP: 6/8
  2283 | D:3      | Noticed Robin
  2302 | D:3      | Killed Robin
  2599 | D:3      | Reached skill level 3 in Unarmed Combat
  2634 | D:3      | Found an iron altar of Okawaru.
  2703 | D:3      | Found a transporter.
  2706 | D:3      | Noticed DKeggars's ghost (amateur GrFi)
  2707 | D:3      | Noticed an ogre
  2709 | D:3      | Found a transporter.
  2709 | D:3      | Identified the +5 dire flail of Reusaip {holy, Int+3}
  2709 | D:3      | Noticed an ogre
  3015 | D:4      | Reached XP level 6. HP: 47/54 MP: 9/9
  3135 | D:4      | Reached skill level 4 in Unarmed Combat
  3257 | D:4      | Reached skill level 1 in Fighting
  3277 | D:4      | Found a sand-covered staircase.
  3340 | Ossuary  | Entered an ossuary
  3352 | Ossuary  | Reached XP level 7. HP: 44/62 MP: 3/10
  3602 | Ossuary  | Learned a level 3 spell: Conjure Flame
  3651 | Ossuary  | Gained mutation: You evolve. [potion of mutation]
  3651 | Ossuary  | Gained mutation: You are robust. (+10% HP) [potion of
                  | mutation]
  3651 | Ossuary  | Gained mutation: You are partially covered in slimy green
                  | scales. (AC +2) [potion of mutation]
  3710 | D:4      | Found a staircase to the Ecumenical Temple.
  3716 | D:4      | Gained mutation: You are clumsy. (Dex -2) [evolution]
  3749 | D:4      | Noticed Menkaure
  3759 | D:4      | Killed Menkaure
  3759 | D:4      | Reached skill level 5 in Unarmed Combat
  3791 | Temple   | Entered the Ecumenical Temple
  3877 | Temple   | Became a worshipper of Cheibriados the Contemplative
  3973 | D:4      | Reached * piety under Cheibriados
  4225 | D:5      | Entered Level 5 of the Dungeon
  4258 | D:5      | Found Wuisi's Gadget Boutique.
  4281 | D:5      | Reached XP level 8. HP: 70/78 MP: 8/11
  4284 | D:5      | Reached skill level 6 in Unarmed Combat
  4287 | D:5      | Reached skill level 1 in Invocations
  4343 | D:5      | Found a shadowy altar of Dithmenos.
  4443 | D:5      | Reached ** piety under Cheibriados
  4570 | D:5      | Noticed Sigmund
  4584 | D:5      | Killed Sigmund
  4584 | D:5      | Reached skill level 7 in Unarmed Combat
  5009 | D:6      | Reached skill level 8 in Unarmed Combat
  5009 | D:6      | Reached XP level 9. HP: 79/86 MP: 11/13
  5031 | D:6      | Noticed Dowan
  5032 | D:6      | Noticed Duvessa
  5032 | D:6      | Found a hide-covered altar of Uskayaw.
  5043 | D:6      | Killed Duvessa
  5071 | D:6      | Killed Dowan
  5201 | D:6      | Reached *** piety under Cheibriados
  5247 | D:6      | Reached skill level 1 in Fire Magic
  5395 | D:6      | Reached skill level 9 in Unarmed Combat
  5466 | D:6      | Lost mutation: You are clumsy. (Dex -2) [evolution]
  6036 | D:7      | Reached **** piety under Cheibriados
  6239 | D:7      | Reached XP level 10. HP: 100/100 MP: 12/15
  6246 | D:7      | Found a glowing golden altar of the Shining One.
  6477 | D:8      | Reached skill level 10 in Unarmed Combat
  6629 | D:8      | Found a burning altar of Makhleb.
  7078 | D:8      | Reached ***** piety under Cheibriados
  7142 | D:8      | Reached skill level 11 in Unarmed Combat
  7736 | D:9      | Found a staircase to the Lair.
  7736 | D:9      | Noticed an elephant
  7798 | D:9      | Killed an elephant
  7816 | D:9      | Gained mutation: Your mind is acute. (Int +2) [evolution]
  7816 | D:9      | Lost mutation: You evolve. [end of evolution]
  8022 | D:9      | Reached XP level 11. HP: 67/110 MP: 11/16
  8422 | D:9      | Found a shattered altar of Ashenzari.
  8534 | D:9      | Found a white marble altar of Elyvilon.
  8545 | D:9      | Noticed a deep elf mage
  8555 | D:9      | Killed a deep elf mage
  8555 | D:9      | Reached skill level 5 in Invocations
  8583 | D:9      | Reached skill level 12 in Unarmed Combat
  8713 | D:10     | Entered Level 10 of the Dungeon
  8718 | D:10     | Learned a level 3 spell: Regeneration
  8777 | D:10     | Noticed a deep elf mage
  8793 | D:10     | Killed a deep elf mage
  8793 | D:10     | Reached ****** piety under Cheibriados
  8793 | D:10     | Reached skill level 5 in Fighting
  9387 | D:10     | Reached skill level 1 in Charms
  9388 | D:10     | Noticed Josephine
  9393 | D:10     | Killed Josephine
  9393 | D:10     | Reached skill level 1 in Necromancy
  9436 | D:10     | Noticed Gastronok
  9445 | D:10     | Killed Gastronok
  9445 | D:10     | Reached skill level 1 in Armour
 10054 | D:11     | Noticed a centaur warrior
 10056 | D:11     | Noticed a two-headed ogre
 10057 | D:11     | HP: 4/114 [centaur warrior (5)]
 10060 | D:11     | Killed a centaur warrior
 10060 | D:11     | Reached XP level 12. HP: 8/122 MP: 0/18
 10060 | D:11     | Slain by a two-headed ogre

Skill      XL: |  1  2  3  4  5  6  7  8  9 10 11 |
---------------+----------------------------------+-----
Unarmed Combat | 1 2 3 4 5 8 9 11 12 | 12.8
Translocations | 1 2 3 |  3.0
Conjurations   | 1 2 3 |  3.2
Summonings     | 1 2 |  2.0
Fighting       | 1 2 3 4 5 |  5.5
Spellcasting   | 3 4 |  4.7
Invocations    | 2 3 4 5 |  5.6
Fire Magic     | 2 |  2.2
Charms         | 1 |  1.9
Necromancy     | 1 |  1.9
Armour         | 2 |  2.0
Dodging        | |  1.5
Stealth        | |  1.0
Evocations     | |  0.7

Action                   |  1- 3 |  4- 6 |  7- 9 | 10-12 || total
-------------------------+-------+-------+-------+-------++-------
Melee: Unarmed           |    87 |   333 |   423 |   359 ||  1202
       Punch             |       |       |     8 |    33 ||    41
 Cast: Call Imp          |       |     3 |       |     3 ||     6
       Magic Dart        |       |       |       |    13 ||    13
       Conjure Flame     |       |       |       |     1 ||     1
Invok: Slouch            |       |       |       |     3 ||     3
Evoke: Wand              |       |       |       |     1 ||     1
  Use: Scroll            |       |     5 |     6 |     9 ||    20
       Potion            |       |     2 |     2 |     2 ||     6
 Stab: Sleeping          |     1 |       |     2 |     4 ||     7
       Distracted        |       |       |       |     2 ||     2
  Eat: Chunk             |    15 |    20 |    29 |    24 ||    88
Armor: Robe              |    27 |   168 |   176 |   122 ||   493
       Troll leather arm |       |       |       |    26 ||    26
Dodge: Dodged            |    49 |   211 |   188 |   193 ||   641
